 Dungeon Crawl Stone Soup version 0.31-a0-765-g67fe2935dc (webtiles) character file.

Game seed: 7057216264419827532

147 randomguy2701 the Covered (level 5, -12/47 HPs)
             Began as a Hill Orc Fighter on Sept 15, 2023.
             Was a Follower of Beogh.
             Killed by divine providence
             ... invoked by an orc priest
              (16 damage)
             ... on level 3 of the Dungeon.
             The game lasted 00:02:43 (2664 turns).

randomguy2701 the Covered (Hill Orc Fighter)        Turns: 2664, Time: 00:02:44

Health: -12/47     AC: 12    Str: 19    XL:     5   Next: 29%
Magic:  5/5        EV:  5    Int:  8    God:    Beogh [*.....]
Gold:   155        SH:  4    Dex: 12    Spells: 4/4 levels left

rFire   . . .        a - +0 war axe
rCold   . . .        c - +0 buckler
rNeg    . . .        u - +0 plate armour
rPois   .            (no helmet)
rElec   .            (no cloak)
rCorr   .            (no gloves)
SInv    .            (no boots)
Will    .....        (no amulet) Stlth
                     (no ring)
HPRegen 0.27/turn    (no ring)
MPRegen 0.09/turn

%: no passive effects
@: no status effects
A: no striking features
a: Renounce Religion


You were on level 3 of the Dungeon.
You worshipped Beogh.
Beogh was aware of your devotion.
You visited 1 branch of the dungeon, and saw 3 of its levels.
You also visited: Sewer.

You collected 155 gold pieces.

Inventory:

Hand Weapons
 a - a +0 war axe (weapon)
Armour
 c - a +0 buckler (worn)
 u - a +0 plate armour (worn)
Jewellery
 j - a ring of magical power
 y - a +5 ring of evasion
Scrolls
 b - 2 scrolls of revelation {unknown}
 e - 2 scrolls of torment {unknown}
 f - 2 scrolls of identify {unknown}
 h - 2 scrolls of teleportation {unknown}
 k - a scroll of brand weapon {unknown}
 m - a scroll of vulnerability {unknown}
 n - 3 scrolls of immolation {unknown}
 r - 3 scrolls of poison {unknown}
 v - a scroll of amnesia {unknown}
 w - a scroll of enchant weapon {unknown}
Potions
 d - 3 potions of might
 g - a potion of ambrosia {unknown}
 i - a potion of resistance {unknown}
 l - a potion of brilliance {unknown}
 o - 2 potions of degeneration {unknown}
 p - a potion of heal wounds {unknown}
 q - 2 potions of lignification {unknown}
 s - 3 potions of curing {unknown}
 t - 3 potions of enlightenment {unknown}
 x - a potion of berserk rage {unknown}
 z - a potion of invisibility {unknown}
 A - a potion of cancellation {unknown}


   Skills:
 + Level 4.3 Fighting
 + Level 4.4 Axes
 + Level 4.5 Armour
 + Level 0.5 Dodging
 + Level 0.4 Stealth
 + Level 3.8 Shields


You had 4 spell levels left.
You didn't know any spells.
Your spell library contained the following spells:

 Spells                   Type           Power      Damage    Failure   Level
 Freeze                   Ice            0%         1d3       100%        1
 Kiss of Death            Conj/Necr      0%         2d5       100%        1
 Necrotise                Necr           0%         1d4       100%        1
 Summon Small Mammal      Summ           0%         N/A       100%        1
 Call Canine Familiar     Summ           0%         N/A       100%        3
 Confusing Touch          Hex            0%         N/A       100%        3
 Frozen Ramparts          Ice            0%         1d1       100%        3
 Hailstorm                Conj/Ice       0%         3d3       100%        3
 Summon Guardian Golem    Hex/Summ       0%         N/A       100%        3
 Tukima's Dance           Hex            0%         N/A       100%        3
 Vampiric Draining        Necr           0%         2d6       100%        3
 Animate Armour           Summ/Erth      0%         N/A       100%        4
 Dispel Undead            Necr           0%         3d6       100%        4
 Passage of Golubria      Tloc           0%         N/A       100%        4
 Summon Lightning Spire   Summ/Air       0%         N/A       100%        4
 Agony                    Necr           0%         N/A       100%        5
 Lee's Rapid Deconstruct  Erth           0%         3d4*      100%        5
 Yara's Violent Unravell  Hex/Tmut       0%         3d3       100%        5


Dungeon Overview and Level Annotations

Branches:
Dungeon (3/15)              Sewer (visited)

Altars:

Shops:
D:3 !

Annotations:
D:3 Ijyb


Message History

The puff of flame hits you but does no damage.
A +1 spectral club comes into view.
You barely miss Ijyb.
Ijyb is moderately wounded.
You hit the +1 spectral club.
Ijyb shares her spectral weapon's damage!
The +1 spectral club disappears.
Ijyb zaps a wand.
The puff of flame hits you!
* * * LOW HITPOINT WARNING * * *
Unknown command.
Ijyb zaps a wand.
The puff of flame hits you!
* * * LOW HITPOINT WARNING * * *
There is an open door here.
The orc priest looks satisfied for a moment.
You close the door.
Something unseen opens the door.
You barely miss the orc. The orc hits you but does no damage.
You hit the orc but do no damage.
The orc priest looks satisfied for a moment.
The orc hits you with a +0 hand axe.
* * * LOW HITPOINT WARNING * * *
You closely miss the orc. You block the orc's attack.
The orc hits you but does no damage.
You hit the orc.
The orc is heavily wounded.
You closely miss the orc priest.
The orc priest casts a cantrip, but nothing happens.
The orc barely misses you. The orc hits you but does no damage.
You hit the orc.
You kill the orc!
Beogh accepts your kill.
You hit the orc priest.
The orc priest hits you with a +0 hand axe.
* * * LOW HITPOINT WARNING * * *
The orc hits you from afar with a +0 trident.
* * * LOW HITPOINT WARNING * * *
You closely miss the orc priest.
The orc priest is moderately wounded.
The orc priest calls down the wrath of Beogh upon you.
Beogh smites you!
You die...
Beogh appreciates the orc priest's killing of a heretic priest.

#...# #...# #...# #...#
#...#
##############...########.
.................o.ooo..>.
##############..o#........
.o........# #.)@#og...o..
..........# #...#........
..........# #...#........
..........# #####........
..........# #........
..........# #........
..........# #........
..........# ..#########


You could see an orc priest and an orc.

Vanquished Creatures
  5 adders
  2 river rats (Sewer)
  3 worms
  2 dart slugs
  2 orcs (D:3)
  5 endoplasms
  5 giant cockroaches
  7 goblins
  7 hobgoblins
  5 ball pythons
  2 bats
  9 frilled lizards
  11 kobolds
  11 rats
76 creatures vanquished.

Notes
Turn   | Place    | Note
-------+----------+-------------------------------------------
     0 | D:1      | randomguy2701 the Hill Orc Fighter began the quest for the
                  | Orb.
     0 | D:1      | Reached XP level 1. HP: 19/19 MP: 1/1
    95 | D:1      | Reached XP level 2. HP: 27/27 MP: 2/2
   467 | D:1      | Reached XP level 3. HP: 33/33 MP: 3/3
  1489 | D:2      | Reached XP level 4. HP: 36/40 MP: 4/4
  1804 | D:3      | Found Hiatidax's Distillery.
  1965 | D:3      | Became a worshipper of Beogh the Brigand
  2146 | D:3      | Found a glowing drain.
  2175 | Sewer    | Entered a sewer
  2325 | Sewer    | Reached XP level 5. HP: 46/46 MP: 5/5
  2505 | Sewer    | Reached * piety under Beogh
  2641 | D:3      | Noticed Ijyb
  2664 | D:3      | Killed from afar by an orc priest

Illustrated notes

Levels and vault maps discovered:
D:1:      dpeg_arrival_court, layout_basic
D:2:      layout_loops_cross, minmay_quadrilaterals
D:3:      layout_basic, serial_shops, nicolae_shop_crystal,
          cheibrodos_sewer_entry_drain, uniq_ijyb

Skill      XL: |  1  2  3  4 |
---------------+-------------+-----
Axes           | 3 4 |  4.4
Fighting       | 4 |  4.3
Armour         | 4 |  4.5
Dodging        | |  0.5
Stealth        | |  0.4
Shields        | |  3.8

Action                     |  1- 3 |  4- 6 || total
---------------------------+-------+-------++-------
  Melee: War axe           |   132 |   149 ||   281
 Invoke: Convert to Beogh  |       |     1 ||     1
 Armour: Scale mail        |    82 |    11 ||    93
         Plate armour      |       |   125 ||   125
  Dodge: Dodged            |    61 |    38 ||    99
  Block: Buckler           |    28 |    26 ||    54

Table legend: (Time is in decaauts)
 A = Elapsed time spent in this place.
 B = Non-inter-level travel time spent in this place.
 C = Inter-level travel time spent in this place.
 D = Time resting spent in this place.
 E = Time spent auto-exploring this place.
 F = Levels seen in this place.
 G = Mean time per level.
                   A        B        C        D        E       F      G
               +--------+--------+--------+--------+--------+-----+--------+
         Total |   2806 |   2719 |     87 |      0 |   2097 |   4 |  701.5 |
       Dungeon |   2370 |   2283 |     87 |      0 |   1780 |   3 |  790.0 |
         Sewer |    435 |    435 |      0 |      0 |    317 |   1 |  435.0 |
               +--------+--------+--------+--------+--------+-----+--------+

Top non-repeatable levels by time:
     D:1: 974 daAuts
     D:2: 884 daAuts
     D:3: 511 daAuts
   Sewer: 435 daAuts
